AoeStats
← Tinkerbells_t.t

Arabia

509833344Analyzed
1v1 RM · 4d ago on Sep 28, 2026· 71m 31s· 2 players
Game mode
Random Map
Map size
Tiny (2 player)
Population
200
Speed
Normal
Resources
Standard
Victory
Conquest
Starting age
Dark Age
Ending age
Imperial Age
RankedLock teamsTeams togetherTeam positionsShared explorationLock speedFull tech treeHidden civsTurbo modeCheats
Victory
Defeat
🇦🇺 Malay · Australia
722
+12
🇩🇴 Jurchens · Dominican Republic
631
-12
TEUTONE
7:53 Loom
10:47 Feudal Age
11:49 Double-Bit Axe
13:20 Horse Collar
14:57 Gold Mining
23:39 Castle Age
22:35 Forging
23:10 Stone Mining
23:13 Fletching
23:26 Padded Archer Armor
25:16 Bow Saw
25:08 Heavy Plow
28:01 Wheelbarrow
27:12 Town Watch
28:29 Bodkin Arrow
30:26 Ballistics
29:47 Treadmill Crane
30:13 Siege Engineers
31:23 Hand Cart
31:10 Town Patrol
31:52 Squires
31:58 Pikeman
33:30 Crossbowman
33:31 Elite Skirmisher
35:07 Iron Casting
34:48 Leather Archer Armor
34:33 Scale Mail Armor
34:27 Light Cavalry
36:45 Husbandry
36:56 Bloodlines
38:17 Chain Mail Armor
38:08 Scale Barding Armor
44:32 Imperial Age
44:18 Fortified Bastions
47:41 Chemistry
46:52 Masonry
46:38 Murder Holes
48:37 Two-Man Saw
48:34 Halberdier
58:03 Conscription
59:18 Bracer
Tinkerbells_t.t
2:28 Loom
10:53 Feudal Age
11:20 Double-Bit Axe
12:53 Horse Collar
18:37 Town Watch
19:28 Wheelbarrow
23:04 Castle Age
25:45 Squires
25:31 Arson
26:41 Husbandry
27:26 Bow Saw
27:20 Heavy Plow
27:16 Gold Mining
27:24 Stone Mining
27:30 Light Cavalry
29:32 Stone Shaft Mining
29:53 Gold Shaft Mining
29:15 Elite Skirmisher
30:05 Padded Archer Armor
29:55 Fletching
34:17 Forging
34:12 Scale Barding Armor
34:35 Redemption
34:26 Atonement
35:11 Masonry
34:57 Murder Holes
34:43 Treadmill Crane
35:02 Bodkin Arrow
36:32 Ballistics
36:08 Pikeman
39:08 Thumb Ring
42:14 Imperial Age
41:40 Leather Archer Armor
42:00 Iron Casting
43:12 Chemistry
42:58 Crop Rotation
42:39 Bracer
43:57 Elite Battle Elephant
45:48 Ring Archer Armor
46:19 Blast Furnace
47:33 Conscription
48:24 Halberdier
49:15 Man-at-Arms
50:00 Forced Levy
58:04 Blast Furnace
57:01 Guard Tower
57:17 Siege Engineers
58:27 Long Swordsman
60:02 Two-Handed Swordsman
63:12 Block Printing
64:50 Keep
Connection lost

Rejoining the realm…

Still unreachable

The connection could not be restored.

Session expired

The server has moved on; the page needs a fresh start.